 Dungeon Crawl Stone Soup version 0.30.1-3-gfc49f6343a (webtiles) character file.

Game seed: 5951268620809972787

16203 monsoonserge the Basher (level 12, -2/108 HPs)
             Began as a Hill Orc Fighter on Aug 4, 2023.
             Was a High Priest of Makhleb.
             Slain by a black mamba (13 damage)
             ... on level 1 of the Lair of Beasts.
             The game lasted 00:54:27 (13901 turns).

monsoonserge the Basher (Hill Orc Fighter)         Turns: 13901, Time: 00:54:28

Health: -2/108     AC: 16    Str: 28    XL:     12   Next: 35%
Magic:  15/18      EV: 11    Int:  8    God:    Makhleb [*****.]
Gold:   773        SH: 13    Dex: 16    Spells: 11/11 levels left

rFire   . . .        T - +8 trident of the Octopus King {venom, rElec rPois}
rCold   . . .        Q - +2 kite shield
rNeg    + . .        d - +2 ring mail {rN+}
rPois   +            x - +2 helmet of the Centipede {-Cast Str+4 SInv Stlth+}
rElec   +            z - +1 cloak
rCorr   +            t - +0 pair of gloves {infuse}
SInv    +            (no boots)
Will    .....        r - amulet of the acrobat
Stlth   ++           u - +6 ring of dexterity
HPRegen 0.38/turn    C - ring of resist corrosion
MPRegen 0.16/turn

%: no spellcasting, acrobat, infuse magic (1 MP)
@: studying Transmutations
A: no striking features
a: Renounce Religion, Minor Destruction, Lesser Servant of Makhleb, Major
Destruction, Greater Servant of Makhleb


You were on level 1 of the Lair of Beasts.
You worshipped Makhleb.
Makhleb was extremely pleased with you.
You visited 3 branches of the dungeon, and saw 13 of its levels.
You also visited: Sewer and Bailey.

You collected 773 gold pieces.

Inventory:

Hand Weapons
 T - the +8 trident of the Octopus King (weapon) {venom, rElec rPois}
   (You found it on level 9 of the Dungeon)

   rElec:     It insulates you from electricity.
   rPois:     It protects you from poison.
Missiles
 f - 64 poisoned darts (quivered)
 n - a throwing net
 E - 3 boomerangs
 F - a curare-tipped dart
 R - 2 datura-tipped darts
Armour
 d - a +2 ring mail of positive energy (worn)
 s - a +0 plate armour
 t - a +0 pair of gloves of infusion (worn)
 x - the +2 helmet of the Centipede (worn) {-Cast Str+4 SInv Stlth+}
   (You took it off Robin on level 4 of the Dungeon)

   Str:       It affects your strength (+4).
   SInv:      It lets you see invisible.
   -Cast:     It prevents spellcasting.
   Stlth:     It makes you more stealthy.
 z - a +1 cloak (worn)
 Q - a +2 kite shield (worn)
Jewellery
 r - an amulet of the acrobat (around neck)
 u - a +6 ring of dexterity (left hand)
 B - a ring of flight
 C - a ring of resist corrosion (right hand)
 H - an amulet of guardian spirit
Wands
 c - a wand of acid (10)
 w - a wand of polymorph (30)
 y - a wand of digging (11)
 I - a wand of roots (19)
 K - a wand of flame (18)
 S - a wand of mindburst (15)
Scrolls
 b - a scroll of brand weapon {unknown}
 e - 4 scrolls of amnesia {unknown}
 h - 3 scrolls of immolation {unknown}
 i - 16 scrolls of identify {unknown}
 k - 7 scrolls of teleportation {unknown}
 o - 4 scrolls of magic mapping {unknown}
 p - a scroll of enchant weapon {unknown}
 D - 2 scrolls of butterflies {unknown}
 G - a scroll of enchant armour {unknown}
Potions
 a - a potion of cancellation {unknown}
 g - 2 potions of brilliance {unknown}
 j - a potion of attraction {unknown}
 l - 3 potions of curing
 m - 4 potions of lignification
 q - 3 potions of flight
 v - 2 potions of haste {unknown}
 A - 2 potions of mutation {unknown}
 J - a potion of ambrosia {unknown}
 L - 2 potions of heal wounds
 N - 2 potions of might
 P - a potion of berserk rage {unknown}


   Skills:
 + Level 10.8 Fighting
 - Level 4.0(9.9) Axes
 - Level 10.8(11.0) Maces & Flails
 * Level 4.6(5.1) Polearms
 + Level 3.4 Throwing
 + Level 8.8 Armour
 + Level 2.4 Dodging
 + Level 1.4 Stealth
 + Level 9.7 Shields
 * Level 8.5 Invocations
 + Level 2.0 Evocations


You had 11 spell levels left.
You didn't know any spells.
Your spell library contained the following spells:

 Spells                   Type           Power      Damage    Failure   Level
 Apportation              Tloc           0%         N/A       69%         1
 Necrotise                Necr           0%         1d4       69%         1
 Summon Small Mammal      Summ           0%         N/A       69%         1
 Ensorcelled Hibernation  Hex/Ice        0%         N/A       83%         2
 Call Canine Familiar     Summ           0%         N/A       96%         3
 Dazzling Flash           Conj/Hex       0%         N/A       96%         3
 Portal Projectile        Hex/Tloc       0%         N/A       96%         3
 Spider Form              Tmut/Pois      0%         N/A       96%         3
 Summon Guardian Golem    Hex/Summ       0%         N/A       96%         3
 Tukima's Dance           Hex            0%         N/A       96%         3
 Anguish                  Hex/Necr       0%         N/A       100%        4
 Agony                    Necr           0%         N/A       100%        5
 Blade Hands              Tmut           0%         N/A       100%        5
 Irradiate                Conj/Tmut      0%         3d11      100%        5
 Silence                  Hex/Air        0%         N/A       100%        5
 Dragon Form              Tmut           0%         N/A       100%        7


Dungeon Overview and Level Annotations

Branches:
Dungeon (10/15)            Temple (1/1) D:5            Lair (2/5) D:8
    Orc (0/2) D:9           Sewer (visited)          Bailey (visited)
  Swamp: Lair:2-3    Shoals: Lair:2-3     Snake: Lair:2-3    Spider: Lair:2-3

Altars:
Ashenzari
Dithmenos
Elyvilon
Gozag
Hepliaklqana
Kikubaaqudgha
Makhleb
Okawaru
Ru
Sif Muna
Wu Jian
Yredelemnul

Shops:
D:5 *   D:8 *

Annotations:
D:6 fortress
Lair:1 Fannar


Message History

The cane toad is moderately wounded.
You feel sick. You block the black mamba's attack.
You block the cane toad's attack. The black mamba bites you!
The cane toad stings you.
You are more poisoned.
The cane toad poisons you!
Press: ? - help, v - describe, . - travel
Here: a cane toad (moderately wounded)
The floor, spattered with blood.
You impale the cane toad!!
The cane toad is almost dead.
You feel very sick. The black mamba closely misses you.
The black mamba bites you but does no damage.
You block the cane toad's attack.
You barely miss the cane toad.
The cane toad is almost dead.
You feel very sick. The black mamba barely misses you.
The cane toad stings you!
* * * LOW HITPOINT WARNING * * *
The black mamba bites you but does no damage.
The cane toad barely misses you.
Press: ? - help, v - describe, . - travel
Here: a cane toad (almost dead)
The floor, spattered with blood.
You are lethally poisoned (14 -> 0).
You are studying Transmutations.
Your movement speed is average.
Your attack delay is about 1.1.
Your damage rating with the +8 trident of the Octopus King {venom, rElec rPois} is about 25 (Base 9 x 145% (Str) x 129% (Skill) + 8 (Ench)).
Your base attributes are Str 24, Int 8, Dex 10.
Unknown command.
You feel better.
The black mamba bites you but does no damage.
The black mamba bites you!
* * * LOW HITPOINT WARNING * * *
The cane toad stings you!
* * * LOW HITPOINT WARNING * * *
You are lethally poisoned!
The cane toad poisons you!
You feel better. The black mamba bites you!
You die...

.......#.#...#...#
......#####....###
..##### #.#.#.#
### ###.### #.##
#<.# #..# #..###
#..#@## ##.S>F#
##....## ##.....#
##..#...#
##...###.##
####..### ##.#
#P....# ###
##..P###


You could see a black mamba and a cane toad.

Vanquished Creatures
  3 two-headed ogres
  Pikel (D:6)
  A cyclops (D:6)
  A cane toad (Lair:1)
  A rime drake (Lair:1)
  2 kobold demonologists
  A troll (D:9)
  Prince Ribbit (D:6)
  3 hornets
  A blink frog (Lair:1)
  5 spriggans (Bailey)
  Sigmund (D:4)
  6 yaks
  A wyvern (D:8)
  4 steam dragons
  The ghost of booth the Chopper, an amateur DsGl (D:4)
  2 wargs (D:6)
  Edmund (D:5)
  An acid dragon (D:9)
  9 water moccasins
  10 orc warriors
  An ice beast (D:4)
  2 sky beasts (D:7)
  15 ogres
  A black bear (D:7)
  5 wolves (Lair:1)
  5 centaurs
  A lemure (D:5)
  A phantom (D:6)
  10 kobold brigands
  Blork the orc (D:5)
  3 gnoll sergeants
  5 bullfrogs
  3 scorpions
  3 wights (D:4)
  10 howler monkeys
  7 hounds (D:6)
  3 jellies
  Crazy Yiuf (D:4)
  11 orc priests
  4 gnoll boudas
  4 iguanas
  9 orc wizards
  2 sleepcaps
  Robin (D:4)
  11 gnolls
  7 adders
  3 white imps
  An ufetubus (D:5)
  2 worms
  2 dart slugs
  38 orcs
  5 ball pythons
  11 endoplasms
  4 giant cockroaches
  16 goblins
  8 hobgoblins
  37 kobolds
  7 quokkas
  4 bats
  A frilled lizard (D:1)
  8 rats
329 creatures vanquished.

Vanquished Creatures (collateral kills)
  2 spriggans (Bailey)
  2 ogres (Bailey)
  A gnoll sergeant (D:6)
  An orc priest (D:6)
  A gnoll (D:6)
7 creatures vanquished.

Vanquished Creatures (others)
  A gnoll (D:4)
1 creature vanquished.

Grand Total: 337 creatures vanquished

Notes
Turn   | Place    | Note
-------+----------+-------------------------------------------
     0 | D:1      | monsoonserge the Hill Orc Fighter began the quest for the
                  | Orb.
     0 | D:1      | Reached XP level 1. HP: 19/19 MP: 1/1
   122 | D:1      | Reached XP level 2. HP: 26/27 MP: 2/2
   467 | D:1      | Found a faded altar of an unknown god.
   864 | D:2      | Reached XP level 3. HP: 28/33 MP: 3/3
   911 | D:2      | Reached XP level 4. HP: 38/40 MP: 4/4
  1958 | D:3      | Reached XP level 5. HP: 43/47 MP: 5/5
  1962 | D:3      | Reached skill level 1 in Maces & Flails
  2265 | D:3      | Found a hazy altar of Hepliaklqana.
  2266 | D:3      | Found an ancient bone altar of Kikubaaqudgha.
  2967 | D:4      | Identified the +2 helmet of the Centipede {-Cast Str+4 SInv
                  | Stlth+}
  2967 | D:4      | Noticed Robin
  3009 | D:4      | Killed Robin
  3105 | D:4      | Identified the +3 hammer of Kicomil {heavy, Int+4}
  3111 | D:4      | Found a runed translucent door.
  3112 | D:4      | Noticed Crazy Yiuf
  3123 | D:4      | Killed Crazy Yiuf
  3124 | D:4      | Reached XP level 6. HP: 25/55 MP: 0/6
  3317 | D:4      | Noticed a water moccasin
  3340 | D:4      | Killed a water moccasin
  3459 | D:4      | Found a shimmering blue altar of Sif Muna.
  3463 | D:4      | Found a transporter.
  3518 | D:4      | Reached skill level 5 in Fighting
  3518 | D:4      | Reached XP level 7. HP: 24/61 MP: 4/7
  3521 | D:4      | Reached skill level 5 in Armour
  3647 | D:4      | Found a transporter.
  3730 | D:4      | Noticed Sigmund
  3742 | D:4      | Killed Sigmund
  3743 | D:4      | Reached skill level 5 in Maces & Flails
  4065 | D:4      | Found a burning altar of Makhleb.
  4067 | D:4      | Noticed a balrug
  4071 | D:4      | Noticed a ynoxinul
  4071 | D:4      | Noticed an orange demon
  4073 | D:4      | Became a worshipper of Makhleb the Destroyer
  4323 | D:5      | Entered Level 5 of the Dungeon
  4331 | D:5      | Noticed Edmund
  4368 | D:5      | Killed Edmund
  4369 | D:5      | Reached XP level 8. HP: 55/69 MP: 0/8
  4540 | D:5      | Found a staircase to the Ecumenical Temple.
  4592 | D:5      | Found Jahimm's Lightly-Used Armoury.
  4655 | D:5      | Found a glowing drain.
  4694 | Sewer    | Entered a sewer
  4763 | Sewer    | Reached * piety under Makhleb
  4771 | Sewer    | Reached skill level 1 in Throwing
  4771 | Sewer    | Reached skill level 1 in Dodging
  4845 | Sewer    | Found a white marble altar of Elyvilon.
  4998 | D:5      | Found an ornate altar of the Wu Jian Council.
  5200 | D:5      | Noticed a hornet
  5230 | D:5      | Paralysed by a hornet for 3 turns
  5246 | D:5      | Paralysed by a hornet for 1 turns
  5247 | D:5      | HP: 2/105 [hornet (9)]
  5252 | D:5      | Killed a hornet
  5253 | D:5      | Reached skill level 1 in Stealth
  5253 | D:5      | Reached skill level 5 in Shields
  5723 | D:6      | Noticed Blork the orc
  5859 | D:5      | Reached XP level 9. HP: 78/78 MP: 3/9
  6186 | D:6      | Reached ** piety under Makhleb
  6205 | D:5      | Killed Blork the orc
  6300 | D:6      | Reached skill level 1 in Invocations
  6590 | D:6      | Noticed Pikel
  6742 | D:4      | Noticed booth's ghost (amateur DsGl)
  6759 | D:4      | Killed booth's ghost
  7579 | Temple   | Entered the Ecumenical Temple
  7637 | D:6      | Killed Pikel
  7843 | D:6      | Reached XP level 10. HP: 90/90 MP: 2/12
  8034 | D:6      | Noticed a cyclops
  8429 | D:7      | Reached *** piety under Makhleb
  8430 | D:7      | Reached skill level 5 in Invocations
  8488 | D:7      | Noticed Prince Ribbit
  8549 | D:6      | Killed Prince Ribbit
  8813 | D:7      | Found a white marble altar of Elyvilon.
  8863 | D:7      | Found a flagged portal.
  8870 | Bailey   | Entered a bailey
  8973 | Bailey   | Reached XP level 11. HP: 89/99 MP: 0/15
  8976 | Bailey   | Noticed a two-headed ogre
  8993 | Bailey   | Killed a two-headed ogre
  9005 | Bailey   | Identified the +5 quarterstaff "Earthworm" {spect, Str+3}
  9148 | Bailey   | Reached skill level 10 in Maces & Flails
  9987 | D:6      | Reached skill level 10 in Fighting
 10014 | D:6      | Killed a cyclops
 10584 | D:8      | Found a staircase to the Lair.
 10687 | D:8      | Reached **** piety under Makhleb
 10997 | D:8      | Found a sacrificial altar of Ru.
 11001 | D:8      | Found a basalt altar of Yredelemnul.
 11002 | D:8      | Found a broken altar of Ashenzari.
 11002 | D:8      | Found an iron altar of Okawaru.
 11002 | D:8      | Found a shadowy altar of Dithmenos.
 11004 | D:8      | Found an opulent altar of Gozag.
 11027 | D:8      | Noticed a two-headed ogre
 11046 | D:8      | Killed a two-headed ogre
 11047 | D:8      | Reached skill level 1 in Evocations
 11209 | D:8      | Found Atoqudgh's Elemental Accessories.
 11681 | D:9      | Noticed a two-headed ogre
 11691 | D:9      | Killed a two-headed ogre
 11921 | D:9      | Found the +8 trident of the Octopus King {venom, rElec
                  | rPois}
 12030 | D:10     | Entered Level 10 of the Dungeon
 12032 | D:10     | Noticed a soul eater
 12134 | D:9      | Identified the orb of Grim Surprise {*Rage, Str+4}
 12331 | D:9      | Reached XP level 12. HP: 98/108 MP: 12/17
 12346 | D:9      | Reached skill level 1 in Polearms
 12390 | D:9      | Found a staircase to the Orcish Mines.
 13102 | Lair:1   | Entered Level 1 of the Lair of Beasts
 13122 | Lair:1   | Reached ***** piety under Makhleb
 13711 | Lair:1   | Noticed Fannar
 13900 | Lair:1   | HP: 2/108 [cane toad (10)]
 13901 | Lair:1   | Slain by a black mamba

Illustrated notes

Levels and vault maps discovered:
D:1:      minmay_arrival_checkered_box, layout_loops_ring,
          shapermc_ecumenical_altar_hornbeckon
D:2:      cheibrodos_fertilizer, layout_basic
D:3:      kennysheep_big_flooded_room, layout_loops_ring,
          nicolae_overflow_squiral, st_stairs_7, minmay_misc_feat_rugged,
          minmay_misc_feat_chi
D:4:      layout_loops_ring, kennysheep_mini, makhleb_altar_promises_db,
          gammafunk_ghost_gnarly_gnolls, uniq_sigmund, uniq_robin,
          uniq_crazy_yiuf_cottage
D:5:      minmay_chambers_of_fours, layout_basic, lemuel_tele_altar,
          minmay_temple_entry_antechambers, gup_sewer_entry_spiral,
          minmay_shop_damaged, uniq_edmund
D:6:      lemuel_castle_with_subvaults [lemuel_castle_interior_carwin_3],
          layout_loops_ring, nrook_loot_triangle, uniq_blork_the_orc, uniq_pikel
D:7:      layout_loops_corners, mainiacjoe_overflow_alcove_1, enter_bailey_2,
          minmay_bent, uniq_prince_ribbit1
D:8:      layout_basic, minitemple, lair_entry_dummy, nicolae_elemental_shop
D:9:      layout_irregular_city, david_orc_4
D:10:     layout_roguey, uniq_psyche, uniq_joseph
Temple:   hellmonk_temple_flake
Lair:1:   layout_cave_pods, uniq_fannar
Lair:2:   regret_index_combs_of_tragedy, layout_misc_corridors,
          minmay_snake_entry_six_corridors, grunt_forest_large_clearing_hut

Skill      XL: |  1  2  3  4  5  6  7  8  9 10 11 12 |
---------------+-------------------------------------+-----
Axes           | 3 4 |  4.0
Fighting       | 4 5 6 8 9 10 | 10.8
Armour         | 4 5 6 7 8 |  8.8
Maces & Flails | 2 3 5 7 8 9 10 | 10.8
Shields        | 4 5 8 9 |  9.7
Throwing       | 1 2 3 |  3.4
Dodging        | 1 2 |  2.4
Stealth        | 1 |  1.4
Invocations    | 3 5 7 8 |  8.5
Evocations     | 2 |  2.0
Polearms       | 4 |  4.6

Action                     |  1- 3 |  4- 6 |  7- 9 | 10-12 || total
---------------------------+-------+-------+-------+-------++-------
  Melee: War axe           |    77 |    34 |       |       ||   111
         Whip              |       |   200 |   366 |   562 ||  1128
         Mace              |       |       |     5 |     7 ||    12
         Trident           |       |       |       |   179 ||   179
  Throw: Dart              |       |     2 |    14 |    26 ||    42
         Boomerang         |       |       |       |     6 ||     6
 Invoke: Minor Destruction |       |       |     4 |    33 ||    37
         Lesser Servant of |       |       |       |     4 ||     4
  Evoke: Wand              |       |       |       |     1 ||     1
    Use: Potion            |       |     1 |     3 |     3 ||     7
   Stab: Sleeping          |       |       |     3 |     5 ||     8
         Distracted        |       |       |       |     1 ||     1
 Armour: Scale mail        |    31 |    45 |       |       ||    76
         Plate armour      |       |    37 |    24 |       ||    61
         Ring mail         |       |       |    74 |   207 ||   281
         Skin              |       |       |    11 |       ||    11
  Dodge: Dodged            |    40 |    92 |   125 |   282 ||   539
  Block: Buckler           |    15 |    47 |    77 |       ||   139
         Kite shield       |       |       |    15 |   439 ||   454
